 Dungeon Crawl Stone Soup version 0.29.0-4-gdea44cf6ec (webtiles) character file.

Game seed: 7730686776680325277

5921 qw the Cleaver (level 10, -14/60 HPs)
             Began as a Tengu Warper on Aug 28, 2022.
             Was a High Priest of Okawaru.
             Demolished by a komodo dragon (23 damage)
             ... on level 1 of the Lair of Beasts.
             The game lasted 00:00:58 (9870 turns).

qw the Cleaver (Tengu Warper)                       Turns: 9870, Time: 00:00:59

Health: -14/60     AC: 19    Str: 23    XL:     10   Next: 83%
Magic:  14/15      EV: 14    Int:  4    God:    Okawaru [*****.]
Gold:   491        SH:  0    Dex: 19    Spells: 13/13 levels left

rFire   . . .      SeeInvis .   Y - +3 war axe
rCold   . . .      Faith    .   (no shield)
rNeg    + . .      Spirit   .   l - +1 plate armour
rPois   +          Reflect  .   (helmet restricted)
rElec   .          Harm     .   k - scarf {repulsion}
rCorr   +          Rampage  .   f - +2 pair of gloves
Will    ++...                   (boots unavailable)
Stlth   ..........              (no amulet)
HPRegen 0.20/turn               e - ring "Eluriolo" {rPois Will++ rCorr Int-5 Dex+6}
MPRegen 0.14/turn               i - ring "Umeff" {rN+ Str+7 Int-5}

@: about to teleport, heroic, flying quickly and evasively, repel missiles,
quick
A: beak, talons 3, nimble flight
a: Renounce Religion, Heroism, Finesse, Duel


You were on level 1 of the Lair of Beasts.
You worshipped Okawaru.
Okawaru was extremely pleased with you.
You visited 2 branches of the dungeon, and saw 9 of its levels.

You collected 599 gold pieces.
You spent 108 gold pieces at shops.


Innate Abilities, Weirdness & Mutations

You have a beak for a mouth.
You have claws for feet.
Your magical nature lets you fly swiftly and evasively.


   Skills:
 - Level 6.0(11.0) Fighting
 - Level 12.0(17.0) Axes
 - Level 2.3(7.3) Throwing
 + Level 5.4(10.4) Armour
 - Level 5.1(10.1) Dodging
 - Level 2.0 Spellcasting
 - Level 2.4 Translocations
 + Level 6.6 Invocations


You had 13 spell levels left.
You didn't know any spells.
Your spell library contained the following spells:

 Spells                   Type           Power      Damage    Failure   Level
 Blink                    Tloc           4%         N/A       97%         2
 Gell's Gravitas          Tloc           2%         N/A       99%         3
 Lesser Beckoning         Tloc           2%         N/A       99%         3
 Teleport Other           Tloc           2%         N/A       99%         3
 Manifold Assault         Tloc           2%         N/A       100%        5

Inventory:

Hand Weapons
 h - a +1 hand axe of flaming
 Y - a +3 war axe (weapon)
Missiles
 m - 5 boomerangs (quivered)
Armour
 f - a +2 pair of gloves (worn)
 g - a +0 cloak
 k - a scarf of repulsion (worn)
 l - a +1 plate armour (worn)
Jewellery
 e - the ring "Eluriolo" (left hand) {rPois Will++ rCorr Int-5 Dex+6}
   (You found it on level 2 of the Dungeon)

   [ring of dexterity]

   Int:       It affects your intelligence (-5).
   Dex:       It affects your dexterity (+6).
   rPois:     It protects you from poison.
   rCorr:     It protects you from acid and corrosion.
   Will:      It greatly increases your willpower.
 i - the ring "Umeff" (right hand) {rN+ Str+7 Int-5}
   (You found it on level 5 of the Dungeon)

   [ring of positive energy]

   Str:       It affects your strength (+7).
   Int:       It affects your intelligence (-5).
   rN:        It protects you from negative energy.
Scrolls
 a - 3 scrolls of identify
Potions
 b - a potion of cancellation
 d - a potion of mutation
 j - 2 potions of haste
 n - 2 potions of curing {unknown}
 r - a potion of might

Dungeon Overview and Level Annotations

Branches:
Dungeon (8/15)             Temple (0/1) D:6            Lair (1/5) D:8

Altars:
Cheibriados
Gozag
Nemelex Xobeh
Okawaru
Qazlal
Sif Muna
Trog
Uskayaw
Xom
Yredelemnul
The Shining One

Shops:
D:5 (?   D:6 (:


Message History

The komodo dragon is lightly wounded.
Throw: 5 boomerangs
Press: ? - help, Q - select action Shift-Dir - straight line, f/p - komodo dragon You throw a boomerang.
The boomerang hits the komodo dragon but does no damage.
The komodo dragon is lightly wounded.
The komodo dragon hisses menacingly.
You barely miss the komodo dragon. You claw the komodo dragon.
The komodo dragon is lightly wounded.
The komodo dragon bites you but does no damage.
You hit the komodo dragon. You claw the komodo dragon.
The komodo dragon is moderately wounded.
You hit the komodo dragon. You claw the komodo dragon.
You peck the komodo dragon, but do no damage.
The komodo dragon is heavily wounded.
The komodo dragon bites you!
You completely miss the komodo dragon. Your kick misses the komodo dragon.
Your peck misses the komodo dragon.
You punch the komodo dragon, but do no damage.
The komodo dragon is heavily wounded.
The komodo dragon closely misses you.
You hit the komodo dragon.
You peck the komodo dragon, but do no damage.
The komodo dragon is severely wounded.
The komodo dragon bites you!!
You slash the komodo dragon!
The komodo dragon is severely wounded.
You barely miss the komodo dragon. Your peck misses the komodo dragon.
The komodo dragon is severely wounded.
The komodo dragon barely misses you.
You closely miss the komodo dragon.
You claw the komodo dragon, but do no damage.
Your peck misses the komodo dragon.
The komodo dragon is severely wounded.
The komodo dragon bites you!
9870 ||| READING scroll of teleportation.
As you read the scroll of teleportation, it crumbles to dust.
You feel strangely unstable. The komodo dragon bites you!!
You die...

...........................>.
.........#.......##.#
...#................ .
...#.............#. ..
...'.....#.......+ ...
...#.....+.......# ....
...#.....#.......# .....
...#.....#.......#......
...#.....#......@l......
...P..#.P#.......##.##.+
%.................. ..
####.###.P#######P## ## ##
### ##


You could see a komodo dragon.

Vanquished Creatures
  A black mamba (Lair:1)
  Maggie (D:7)
  A hornet (D:8)
  9 yaks
  A basilisk (Lair:1)
  2 steam dragons (D:8)
  A water moccasin (Lair:1)
  Duvessa (D:7)
  An ogre (D:6)
  3 sky beasts
  A black bear (D:7)
  A centaur (D:6)
  A phantom (D:4)
  3 kobold brigands
  5 bullfrogs (D:7)
  A necrophage (D:6)
  4 scorpions
  13 wights
  Dowan (D:7)
  4 howler monkeys (D:7)
  6 hounds
  3 jellies
  4 orc priests
  2 gnoll boudas
  Terence (D:2)
  3 orc wizards (D:8)
  3 iguanas (D:6)
  11 gnolls
  8 adders
  A shadow imp (D:5)
  An ufetubus (D:5)
  2 worms
  3 dart slugs
  14 orcs
  5 endoplasms
  3 giant cockroaches
  7 goblins
  6 hobgoblins
  4 jackals (D:1)
  5 quokkas
  10 ball pythons
  8 bats
  6 frilled lizards
  18 kobolds
  6 rats
195 creatures vanquished.

Vanquished Creatures (others)
  A wizard (D:5)
  2 plants (Lair:1)
3 creatures vanquished.

Grand Total: 198 creatures vanquished

Notes
Turn   | Place    | Note
-------+----------+-------------------------------------------
     0 | D:1      | qw the Tengu Warper began the quest for the Orb.
     0 | D:1      | Reached XP level 1. HP: 12/12 MP: 4/4
     0 | D:1      | 0 ||| qw: Version: 0.1-a-89-g26bdef1
     0 | D:1      | 0 ||| qw: Game counter: 3345
     0 | D:1      | 0 ||| qw: Always use a shield: true
     0 | D:1      | 0 ||| qw: God list: Okawaru
     0 | D:1      | 0 ||| qw: Allow faded altars: false
     0 | D:1      | 0 ||| qw: Do Orc after D:15 true
     0 | D:1      | 0 ||| qw: Do second Lair branch before Depths: true
     0 | D:1      | 0 ||| qw: Lair rune preference: random
     0 | D:1      | 0 ||| qw: Plans: Normal
     0 | D:1      | 0 ||| PLANNING D:1-11
   175 | D:1      | 175 ||| Stepping ~*~*~tactically~*~*~ (stealth).
   177 | D:1      | 177 ||| Stepping ~*~*~tactically~*~*~ (stealth).
   184 | D:1      | Reached skill level 3 in Axes
   184 | D:1      | Reached XP level 2. HP: 9/17 MP: 6/6
   184 | D:1      | 184 ||| Stepping ~*~*~tactically~*~*~ (stealth).
   191 | D:1      | 191 ||| Stepping ~*~*~tactically~*~*~ (stealth).
   192 | D:1      | 192 ||| Stepping ~*~*~tactically~*~*~ (stealth).
   196 | D:1      | 196 ||| Stepping ~*~*~tactically~*~*~ (stealth).
   467 | D:1      | 467 ||| Stepping ~*~*~tactically~*~*~ (hiding).
   569 | D:1      | 569 ||| Stepping ~*~*~tactically~*~*~ (hiding).
   800 | D:1      | 800 ||| Stepping ~*~*~tactically~*~*~ (stealth).
   892 | D:1      | Reached XP level 3. HP: 21/21 MP: 7/7
   894 | D:1      | 894 ||| DROPPING +0 club.
  1020 | D:1      | 1020 ||| Stepping ~*~*~tactically~*~*~ (hiding).
  1315 | D:1      | Reached skill level 4 in Axes
  1503 | D:1      | 1503 ||| UPGRADING to +0 pair of gloves.
  1508 | D:1      | 1508 ||| DROPPING orb of wrath.
  1509 | D:1      | 1509 ||| DROPPING +6 ring of intelligence.
  1510 | D:1      | 1510 ||| READING 2 scrolls labelled FUASER YTWAHO.
  1511 | D:1      | 1511 ||| READING scroll labelled GUUTAI PALAT.
  1512 | D:1      | 1512 ||| READING scroll labelled WEEDWA GAWUO.
  1513 | D:1      | 1513 ||| DROPPING scroll of blinking.
  1528 | D:2      | 1528 ||| STAIRDANCE
  1613 | D:2      | 1613 ||| STAIRDANCE
  1755 | D:2      | 1755 ||| Stepping ~*~*~tactically~*~*~ (stealth).
  1756 | D:2      | 1756 ||| Stepping ~*~*~tactically~*~*~ (stealth).
  1810 | D:2      | 1810 ||| Stepping ~*~*~tactically~*~*~ (stealth).
  1823 | D:2      | 1823 ||| FLEEEEING.
  2075 | D:2      | Identified the ring "Eluriolo" {rPois Will++ rCorr Int-5
                  | Dex+6}
  2093 | D:2      | 2093 ||| Stepping ~*~*~tactically~*~*~ (stealth).
  2097 | D:2      | Reached XP level 4. HP: 26/26 MP: 8/8
  2217 | D:2      | Found a faded altar of an unknown god.
  2538 | D:2      | 2538 ||| UPGRADING to +0 ring mail.
  2561 | D:2      | 2561 ||| DROPPING +0 leather armour.
  2562 | D:2      | 2562 ||| UPGRADING to +0 chain mail.
  2572 | D:2      | 2572 ||| DROPPING +0 ring mail.
  2679 | D:2      | Noticed Terence
  2694 | D:2      | Killed Terence
  2695 | D:2      | Reached skill level 5 in Axes
  2902 | D:2      | 2902 ||| UPGRADING to ring "Eluriolo" {rPois Will++ rCorr
                  | Int-5 Dex+6}.
  3075 | D:3      | Gained mutation: Your magical nature lets you fly swiftly
                  | and evasively. [Tengu growth]
  3075 | D:3      | Reached XP level 5. HP: 10/29 MP: 9/9
  3280 | D:3      | 3280 ||| DROPPING +0 whip.
  3741 | D:3      | Found an iron altar of Okawaru.
  3785 | D:3      | Became a worshipper of Warmaster Okawaru
  4145 | D:3      | 4145 ||| READING scroll labelled WOUTRO ZUISEQ.
  4146 | D:3      | 4146 ||| DROPPING +1 whip of draining.
  4147 | D:3      | 4147 ||| READING scroll labelled CUNIUR KYMA.
  4148 | D:3      | 4148 ||| READING scroll labelled ABOTHE PUSALL.
  4391 | D:4      | Found a sparkling altar of Nemelex Xobeh.
  4394 | D:4      | Found a shimmering blue altar of Sif Muna.
  4394 | D:4      | Found a shimmering blue altar of Sif Muna.
  4396 | D:4      | Found a hide-covered altar of Uskayaw.
  4396 | D:4      | Found a snail-covered altar of Cheibriados.
  4396 | D:4      | Found a shimmering altar of Xom.
  4466 | D:4      | Reached skill level 6 in Axes
  4499 | D:4      | 4499 ||| FLEEEEING.
  4608 | D:4      | Reached XP level 6. HP: 30/35 MP: 10/10
  4724 | D:4      | Reached skill level 7 in Axes
  5000 | D:4      | 5000 ||| READING scroll labelled BILAME HYDIXA.
  5001 | D:4      | 5001 ||| DRINKING 2 fuming white potions.
  5002 | D:4      | 5002 ||| READING 2 scrolls of identify.
  5002 | D:4      | 5002 ||| IDENTIFYING clear potion
  5003 | D:4      | 5003 ||| DROPPING potion of flight.
  5029 | D:5      | Entered Level 5 of the Dungeon
  5056 | D:5      | Identified the ring "Umeff" {rN+ Str+7 Int-5}
  5109 | D:5      | Found a basalt altar of Yredelemnul.
  5110 | D:5      | 5110 ||| SWAPPING to +0 war axe.
  5152 | D:5      | 5152 ||| Stepping ~*~*~tactically~*~*~ (stealth).
  5214 | D:5      | 5214 ||| Stepping ~*~*~tactically~*~*~ (hiding).
  5232 | D:5      | 5232 ||| Stepping ~*~*~tactically~*~*~ (stealth).
  5235 | D:5      | 5235 ||| Stepping ~*~*~tactically~*~*~ (stealth).
  5236 | D:5      | 5236 ||| Stepping ~*~*~tactically~*~*~ (stealth).
  5237 | D:5      | 5237 ||| Stepping ~*~*~tactically~*~*~ (stealth).
  5237 | D:5      | Found a bloodstained altar of Trog.
  5238 | D:5      | 5238 ||| Stepping ~*~*~tactically~*~*~ (stealth).
  5239 | D:5      | 5239 ||| Stepping ~*~*~tactically~*~*~ (stealth).
  5241 | D:5      | 5241 ||| Stepping ~*~*~tactically~*~*~ (stealth).
  5242 | D:5      | 5242 ||| Stepping ~*~*~tactically~*~*~ (stealth).
  5243 | D:5      | 5243 ||| Stepping ~*~*~tactically~*~*~ (stealth).
  5348 | D:5      | 5348 ||| READING 3 scrolls of enchant armour.
  5348 | D:5      | 5348 ||| ENCHANTING +0 pair of gloves.
  5349 | D:5      | 5349 ||| READING 2 scrolls of enchant armour.
  5349 | D:5      | 5349 ||| ENCHANTING +1 pair of gloves.
  5367 | D:5      | Noticed a wizard
  5370 | D:5      | Killed a wizard
  5438 | D:5      | 5438 ||| Stepping ~*~*~tactically~*~*~ (hiding).
  5452 | D:5      | Reached skill level 3 in Fighting
  5617 | D:5      | Identified the +7 quarterstaff "Utipt" {vorpal, Will+ rCorr
                  | Int+4 Dex+2}
  5651 | D:5      | Reached XP level 7. HP: 41/41 MP: 11/11
  5656 | D:5      | Found Ideiwk's Antique Weapon Boutique.
  5733 | D:5      | Reached * piety under Okawaru
  5903 | D:5      | 5903 ||| INVOKING Heroism.
  5910 | D:5      | Reached skill level 1 in Invocations
  6004 | D:5      | Found Ifuonot's Magic Scroll Boutique.
  6007 | D:5      | 6007 ||| INVOKING Heroism.
  6008 | D:5      | 6008 ||| INVOKING Heroism.
  6151 | D:5      | 6151 ||| BUYING 2 scrolls of identify (48 gold).
  6151 | D:5      | Bought 2 scrolls of identify for 48 gold pieces
  6151 | D:5      | 6151 ||| BUYING scroll of identify (24 gold).
  6151 | D:5      | Bought a scroll of identify for 24 gold pieces
  6151 | D:5      | 6151 ||| BUYING scroll of teleportation (36 gold).
  6151 | D:5      | Bought a scroll of teleportation for 36 gold pieces
  6184 | D:5      | Identified the +4 flail of Trial by Ordeal {freeze, Int+3}
  6251 | D:5      | Found a sparkling altar of Nemelex Xobeh.
  6269 | D:5      | 6269 ||| UPGRADING to ring "Umeff" {rN+ Str+7 Int-5}.
  6270 | D:5      | 6270 ||| DROPPING ring of positive energy.
  6271 | D:5      | 6271 ||| READING scroll labelled RUENOI ZAATZ.
  6272 | D:5      | 6272 ||| DRINKING 2 fuming emerald potions.
  6321 | D:5      | 6321 ||| READING 7 scrolls of identify.
  6321 | D:5      | 6321 ||| IDENTIFYING ruby potion
  6322 | D:5      | 6322 ||| READING 6 scrolls of identify.
  6322 | D:5      | 6322 ||| IDENTIFYING fizzy ruby potion
  6323 | D:5      | 6323 ||| READING 5 scrolls of identify.
  6323 | D:5      | 6323 ||| IDENTIFYING black potion
  6324 | D:5      | 6324 ||| READING 4 scrolls of identify.
  6324 | D:5      | 6324 ||| IDENTIFYING cyan potion
  6325 | D:5      | 6325 ||| READING 3 scrolls of identify.
  6325 | D:5      | 6325 ||| IDENTIFYING inky potion
  6326 | D:5      | 6326 ||| DROPPING potion of degeneration.
  6327 | D:5      | 6327 ||| DROPPING potion of lignification.
  6378 | D:6      | Found Ycokeem's Antique Weapon Boutique.
  6382 | D:6      | 6382 ||| INVOKING Heroism.
  6384 | D:6      | Reached skill level 8 in Axes
  6482 | D:6      | Found Waxzasm's Book Shop.
  6582 | D:6      | 6582 ||| INVOKING Heroism.
  6586 | D:6      | Reached skill level 3 in Dodging
  6589 | D:6      | Reached XP level 8. HP: 33/46 MP: 9/12
  6593 | D:6      | Reached skill level 3 in Invocations
  6675 | D:6      | Found a staircase to the Ecumenical Temple.
  6705 | D:6      | 6705 ||| Stepping ~*~*~tactically~*~*~ (stealth).
  6707 | D:6      | 6707 ||| INVOKING Heroism.
  6726 | D:6      | 6726 ||| Stepping ~*~*~tactically~*~*~ (stealth).
  6823 | D:6      | Found a snail-covered altar of Cheibriados.
  6828 | D:6      | 6828 ||| Stepping ~*~*~tactically~*~*~ (stealth).
  6830 | D:6      | 6830 ||| Stepping ~*~*~tactically~*~*~ (stealth).
  6831 | D:6      | 6831 ||| Stepping ~*~*~tactically~*~*~ (stealth).
  6844 | D:6      | Reached ** piety under Okawaru
  6923 | D:6      | 6923 ||| INVOKING Heroism.
  6929 | D:6      | Reached skill level 9 in Axes
  6931 | D:6      | Reached skill level 3 in Armour
  7150 | D:6      | 7150 ||| UPGRADING to +0 plate armour.
  7160 | D:6      | 7160 ||| DROPPING +0 chain mail.
  7161 | D:6      | 7161 ||| READING scroll of enchant armour.
  7161 | D:6      | 7161 ||| ENCHANTING +0 plate armour.
  7162 | D:6      | 7162 ||| READING scroll labelled VEERAY ACZE.
  7163 | D:6      | 7163 ||| READING scroll labelled MOZXUDDAEL.
  7194 | D:7      | Noticed Maggie
  7195 | D:7      | 7195 ||| Stepping ~*~*~tactically~*~*~ (hiding).
  7199 | D:7      | 7199 ||| INVOKING Heroism.
  7204 | D:7      | HP: 11/46 [Maggie/+0 morningstar of flaming (9)]
  7205 | D:7      | 7205 ||| READING 2 scrolls of teleportation.
  7206 | D:7      | 7206 ||| DRINKING potion of heal wounds.
  7359 | D:7      | 7359 ||| Stepping ~*~*~tactically~*~*~ (stealth).
  7436 | D:7      | 7436 ||| Stepping ~*~*~tactically~*~*~ (hiding).
  7439 | D:7      | 7439 ||| INVOKING Heroism.
  7445 | D:7      | Killed Maggie
  7446 | D:7      | Reached XP level 9. HP: 48/54 MP: 10/13
  7640 | D:7      | 7640 ||| INVOKING Heroism.
  7649 | D:7      | Reached *** piety under Okawaru
  7655 | D:7      | Reached skill level 10 in Axes
  7661 | D:7      | Noticed Duvessa
  7666 | D:7      | Noticed Dowan
  7674 | D:7      | Killed Duvessa
  7679 | D:7      | Killed Dowan
  7859 | D:7      | 7859 ||| Stepping ~*~*~tactically~*~*~ (stealth).
  7860 | D:7      | 7860 ||| Stepping ~*~*~tactically~*~*~ (stealth).
  7862 | D:7      | Found an opulent altar of Gozag.
  7863 | D:7      | 7863 ||| Stepping ~*~*~tactically~*~*~ (stealth).
  7865 | D:7      | 7865 ||| INVOKING Heroism.
  7967 | D:7      | 7967 ||| INVOKING Heroism.
  7999 | D:7      | 7999 ||| Stepping ~*~*~tactically~*~*~ (stealth).
  8007 | D:7      | Reached skill level 11 in Axes
  8014 | D:7      | Reached **** piety under Okawaru
  8015 | D:7      | Reached XP level 10. HP: 46/59 MP: 14/14
  8083 | D:7      | Found a stormy altar of Qazlal.
  8101 | D:7      | 8101 ||| READING scroll of enchant weapon.
  8101 | D:7      | 8101 ||| ENCHANTING +0 war axe.
  8302 | D:7      | 8302 ||| UPGRADING to +0 cloak.
  8307 | D:7      | 8307 ||| UPGRADING to scarf of repulsion.
  8399 | D:8      | 8399 ||| Stepping ~*~*~tactically~*~*~ (stealth).
  8401 | D:8      | 8401 ||| Stepping ~*~*~tactically~*~*~ (hiding).
  8403 | D:8      | 8403 ||| INVOKING Heroism.
  8708 | D:8      | Identified the +1 robe of the Barracuda {Int+4 Slay+3}
  8744 | D:8      | 8744 ||| Stepping ~*~*~tactically~*~*~ (hiding).
  8818 | D:8      | 8818 ||| Stepping ~*~*~tactically~*~*~ (hiding).
  8822 | D:8      | 8822 ||| Stepping ~*~*~tactically~*~*~ (hiding).
  8823 | D:8      | 8823 ||| INVOKING Heroism.
  8876 | D:8      | 8876 ||| SWAPPING to +3 war axe.
  8877 | D:8      | 8877 ||| DROPPING +1 war axe.
  8892 | D:8      | 8892 ||| INVOKING Heroism.
  8893 | D:8      | 8893 ||| Stepping ~*~*~tactically~*~*~ (cloud).
  8894 | D:8      | 8894 ||| Stepping ~*~*~tactically~*~*~ (cloud).
  8901 | D:8      | 8901 ||| Stepping ~*~*~tactically~*~*~ (cloud).
  9050 | D:8      | 9050 ||| Stepping ~*~*~tactically~*~*~ (stealth).
  9063 | D:8      | 9063 ||| Stepping ~*~*~tactically~*~*~ (stealth).
  9132 | D:8      | 9132 ||| INVOKING Heroism.
  9138 | D:8      | Reached skill level 12 in Axes
  9149 | D:8      | Reached skill level 6 in Invocations
  9223 | D:8      | Found a glowing golden altar of the Shining One.
  9237 | D:8      | Found a staircase to the Lair.
  9353 | D:8      | 9353 ||| PLANNING LAIR
  9353 | D:8      | 9353 ||| READING scroll labelled VYHEIDDUTOF.
  9354 | D:8      | 9354 ||| READING 3 scrolls labelled VINEORH IGREIF.
  9355 | D:8      | 9355 ||| READING 4 scrolls of identify.
  9355 | D:8      | 9355 ||| IDENTIFYING smoky pink potion
  9356 | D:8      | 9356 ||| DROPPING 2 scrolls of fear.
  9357 | D:8      | 9357 ||| DROPPING potion of brilliance.
  9415 | Lair:1   | Entered Level 1 of the Lair of Beasts
  9578 | Lair:1   | Reached skill level 6 in Fighting
  9809 | Lair:1   | Noticed a black mamba
  9810 | Lair:1   | 9810 ||| INVOKING Heroism.
  9815 | Lair:1   | Killed a black mamba
  9815 | Lair:1   | Reached ***** piety under Okawaru
  9857 | Lair:1   | 9857 ||| INVOKING Heroism.
  9869 | Lair:1   | HP: 9/60 [komodo dragon (15)]
  9870 | Lair:1   | 9870 ||| READING scroll of teleportation.
  9870 | Lair:1   | Demolished by a komodo dragon

Levels and vault maps discovered:
D:1:      dpeg_arrival_water_fire, layout_loops_ring, grunt_decor_clamped
D:2:      layout_loops_ring, shapermc_ecumenical_altar_flowoftime, minivault_24,
          due_unseen_surprise, uniq_terence
D:3:      layout_loops_corners, mainiacjoe_overflow_chevrons
D:4:      layout_loops_cross, doesnt_xom_only_xom,
          amcnicky_mini_rare_corridor_liquid
D:5:      nicolae_BIG_FREAKIN_CUBE, layout_cave_pools,
          yredelemnul_altar_generic, trog_wizard, nemelex_diamond_rough_becter,
          serial_gnoll_camp, gnoll_camp_mini_shop, gnoll_camp_mini_shop,
          gnoll_camp_mini_loothouse, gnoll_camp_mini_hut,
          kennysheep_opposing_triangles
D:6:      layout_basic, cheibriados_altar_1, minmay_temple_entry_proselytizer,
          serial_shops, shop, shop
D:7:      layout_rooms, mainiacjoe_overflow_six_doors_small,
          amcnicky_altar_gilded, dreamdust_gnoll_shepherd, uniq_duvessa,
          uniq_maggie
D:8:      lemuel_ice_spiral_2, layout_basic, tso_altar, lair_entry_dummy
Lair:1:   layout_regular_city, grunt_megastairs_4

Skill      XL: |  1  2  3  4  5  6  7  8  9 10 |
---------------+-------------------------------+-----
Axes           | 3 4 5 6 7 8 9 11 12 | 12.0
Armour         | 2 3 5 |  5.4
Fighting       | 3 5 6 |  6.0
Invocations    | 2 4 6 |  6.6
Dodging        | 3 4 5 |  5.1
Throwing       | 2 |  2.3
Spellcasting   | |  2.0
Translocations | |  2.4

Action                   |  1- 3 |  4- 6 |  7- 9 | 10-12 || total
-------------------------+-------+-------+-------+-------++-------
Melee: Hand axe          |    87 |   119 |       |       ||   206
       Kick              |    16 |    39 |    55 |    40 ||   150
       Peck              |    10 |    19 |    39 |    21 ||    89
       War axe           |       |    26 |   160 |   109 ||   295
       Punch             |       |       |     4 |     7 ||    11
Throw: Boomerang         |     7 |    18 |    39 |    27 ||    91
Invok: Heroism           |       |       |    11 |     6 ||    17
  Use: Scroll            |     3 |     7 |    10 |     5 ||    25
       Potion            |       |     1 |     2 |       ||     3
Armor: Leather armour    |    12 |     3 |       |       ||    15
       Chain mail        |       |    58 |    40 |       ||    98
       Plate armour      |       |       |    35 |    22 ||    57
Dodge: Dodged            |    32 |    47 |    71 |    50 ||   200

Table legend:
 A = Non-vault XP
 B = Vault XP
 C = Vault XP percentage of total XP
 D = Non-vault monster count
 E = Vault monster count
 F = Vault count percentage of total count
                 A         B        C        D         E       F
            +---------+---------+-------+---------+---------+-------
      Total |    6523 |    1936 |  22.9 |     171 |      24 |  12.3
            +---------+---------+-------+---------+---------+-------
        D:1 |      49 |       0 |   0.0 |      28 |       0 |   0.0
        D:2 |      45 |      36 |  44.4 |      18 |       1 |   5.3
        D:3 |      92 |       0 |   0.0 |      26 |       0 |   0.0
        D:4 |     237 |       0 |   0.0 |      10 |       0 |   0.0
        D:5 |      55 |     379 |  87.3 |       7 |      14 |  66.7
        D:6 |    1064 |      40 |   3.6 |      24 |       1 |   4.0
        D:7 |    1517 |    1481 |  49.4 |      22 |       8 |  26.7
        D:8 |    2648 |       0 |   0.0 |      33 |       0 |   0.0
     Lair:1 |     816 |       0 |   0.0 |       3 |       0 |   0.0
            +---------+---------+-------+---------+---------+-------
